Predators vs Maple Leafs
Created - April 18, 2021 at 19:20
Goals
|
Predators |
0 |
2 |
2 |
4 |
Maple Leafs |
1 |
1 |
1 |
3 |
|
Shots
|
Predators |
9 |
14 |
11 |
34 |
Maple Leafs |
7 |
15 |
10 |
32 |
|
1st period
1. Maple Leafs , Claude Giroux 26 (Brayden Schenn 45) at 8:22
Penalties :
Alexander Ovechkin (Nas) for Hooking (Minor) at 2:14
2nd period
2. Predators , Jaden Schwartz 29 (Andy Miele 16) at 3:38
3. Predators , Chris Higgins 11 (Mikael Granlund 61, Jaden Schwartz 34) at 8:19
4. Maple Leafs , Ben Smith 22 (Hampus Lindholm 24) at 12:58
Penalties :
Jack Eichel (Nas) for Roughing (Minor) at 9:39, Andy Miele (Nas) for Interference (Minor) at 15:51
3rd period
5. Predators , Nik Antropov 6 (Ryan Mcdonagh 41, Justin Abdelkader 15) at 5:54
6. Maple Leafs , Brayden Schenn 29 (Patrick Kane 44, Kevin Shattenkirk 68) at 9:11 (PP)
7. Predators , Brendan Gallagher 23 (Ryan Kesler 43) at 14:14
Penalties :
Jake Guentzel (Tor) for Interference (Minor) at 0:37, Justin Abdelkader (Nas) for Tripping (Minor) at 7:45, Brendan Gallagher (Nas) for Interference (Minor) at 9:18, Jaden Schwartz (Nas) for Hooking (Minor) at 17:01
Goalie Stats
Jaroslav Halak (Nas), 29 saves from 32 shots - (0.906), W, 36-27-8, 60:00 minutes
John Gibson (Tor), 30 saves from 34 shots - (0.882), L, 17-20-6, 59:19 minutes
Players Stats for Predators
Player Name G A P +/- PIM S H SB GA TA FO MP PP MP PK MP
------------------------------------------------------------------------------------
Alexander Edler 0 0 0 2 0 2 5 4 1 1 0/0 29:26 0:58 7:07
Alexander Ovechkin 0 0 0 0 2 4 1 1 2 0 0/0 18:04 0:55 1:36
Andy Miele 0 1 1 0 2 0 1 0 2 1 6/12 15:26 0:00 4:40
Brandon Gormley 0 0 0 0 0 0 0 0 0 0 0/0 10:16 0:00 0:00
Brendan Gallagher 1 0 1 0 2 6 3 0 0 0 1/3 18:50 0:55 2:22
Byron Bitz 0 0 0 0 0 0 3 0 0 1 0/0 13:16 0:00 3:39
Chris Higgins 1 0 1 1 0 2 1 0 1 0 0/0 14:07 1:04 0:08
Jack Eichel 0 0 0 1 2 1 0 0 0 0 5/8 14:35 1:04 1:27
Jaden Schwartz 1 1 2 0 2 3 2 0 0 0 1/1 13:32 0:00 3:02
John Moore 0 0 0 0 0 3 1 2 0 1 0/0 20:18 1:01 4:14
Justin Abdelkader 0 1 1 1 2 3 1 0 0 0 0/0 8:39 0:00 0:00
Justin Faulk 0 0 0 0 0 0 0 1 0 0 0/0 15:32 1:01 0:00
Mark Pysyk 0 0 0 1 0 1 0 1 1 0 1/1 14:32 0:00 5:35
Mikael Granlund 0 1 1 1 0 1 2 0 1 0 0/1 12:38 1:04 0:00
Nate Schmidt 0 0 0 0 0 1 1 0 0 0 0/0 14:59 0:00 4:14
Nik Antropov 1 0 1 1 0 4 0 0 0 0 3/5 8:53 0:00 0:13
Ryan Kesler 0 1 1 0 0 0 1 0 0 0 20/33 16:01 0:55 0:00
Ryan Mcdonagh 0 1 1 2 0 3 0 1 1 2 0/0 29:29 0:58 7:07
Players Stats for Maple Leafs
Player Name G A P +/- PIM S H SB GA TA FO MP PP MP PK MP
------------------------------------------------------------------------------------
Andre Burakovsky 0 0 0 0 0 3 0 0 1 0 0/0 10:05 0:00 0:00
Beau Bennett 0 0 0 0 0 0 1 2 0 0 0/0 10:05 0:00 0:00
Ben Smith 1 0 1 0 0 3 2 1 0 0 0/0 16:56 4:22 0:00
Blake Comeau 0 0 0 -1 0 3 1 0 0 0 0/0 7:00 0:00 0:00
Brayden Schenn 1 1 2 -1 0 1 0 0 0 0 14/34 23:42 6:58 0:40
Braydon Coburn 0 0 0 0 0 1 1 0 1 1 0/0 19:33 3:54 0:46
Calvin de Haan 0 0 0 -2 0 0 0 1 0 0 0/0 12:23 0:00 0:00
Chris Kelly 0 0 0 -1 0 2 0 0 0 1 3/5 8:18 0:00 0:23
Claude Giroux 1 0 1 -1 0 4 1 1 2 0 1/3 24:12 6:59 1:07
Dany Heatley 0 0 0 -1 0 0 0 0 0 0 0/0 8:18 0:00 0:23
Hampus Lindholm 0 1 1 0 0 2 0 1 0 1 0/0 19:33 3:54 0:46
Jake Guentzel 0 0 0 0 2 3 0 0 0 0 0/1 17:00 4:22 0:00
John Klingberg 0 0 0 0 0 4 2 3 0 0 0/0 28:04 7:27 1:13
Kevin Shattenkirk 0 1 1 0 0 1 2 0 1 3 0/0 28:04 7:27 1:13
Logan Couture 0 0 0 0 0 0 2 0 0 0 5/13 17:52 4:22 0:56
Mika Zibanejad 0 0 0 0 0 3 0 0 0 1 3/7 11:03 0:01 0:00
Patrick Kane 0 1 1 -1 0 1 4 0 1 1 1/1 23:29 6:59 0:29
Ryan Parent 0 0 0 -2 0 1 0 1 0 1 0/0 12:23 0:00 0:00
3 Stars
1 - Chris Higgins (Nas)
2 - Jaden Schwartz (Nas)
3 - Alexander Edler (Nas)
Power Play
Predators - 0 on 1 Attempt(s) - 0.00%
Maple Leafs - 1 on 6 Attempt(s) - 16.67%
Penalty Kill
Predators - 5 on 6 Attempt(s) - 83.33%
- Score 0 goal in Penalty Kill
Maple Leafs - 1 on 1 Attempt(s) - 100.00%
- Score 0 goal in Penalty Kill
Team Stat
Predators - Hits : 22 - Faceoff Wins : 37 - Blocked Shots : 10 - Penalty Minutes : 12
Maple Leafs - Hits : 16 - Faceoff Wins : 27 - Blocked Shots : 10 - Penalty Minutes : 2
Official
Referees : Unknown
Linesman : Unknown
Game Notes
No Game Note
Finance
Level 1 -- Attendance: 4835 (80.58%) -- Ticket Income $531,850
Level 2 -- Attendance: 3644 (72.88%) -- Ticket Income $255,080
Level 3 -- Attendance: 1496 (74.80%) -- Ticket Income $68,816
Level 4 -- Attendance: 3401 (85.03%) -- Ticket Income $102,030
Luxury Box -- Attendance: 978 (97.80%) -- Ticket Income $176,040
Game was played at the Maple Leafs Garden.
Total Attendance: 14354 (79.74%)
Total Ticket Income: $1,133,816
Other Income: $170,072
Total Income: $1,303,888
Predators
5 vs 5 Forward
Center Left Wing Right Wing Time % Phy DF OF
1 Ryan Kesler Alexander Ovechkin Brendan Gallagher 40 1 1 3
2 Jack Eichel Chris Higgins Mikael Granlund 30 1 2 2
3 Andy Miele Jaden Schwartz Byron Bitz 20 1 2 2
4 Nik Antropov Justin Abdelkader Mark Pysyk 10 1 2 2
5 vs 5 Defense
Defense Defense Time % Phy DF OF
1 Ryan Mcdonagh Alexander Edler 40 1 2 2
2 John Moore Justin Faulk 30 1 2 2
3 Brandon Gormley Nate Schmidt 20 1 2 2
4 Ryan Mcdonagh Alexander Edler 10 1 2 2
PowerPlay Forward
Center Left Wing Right Wing Time % Phy DF OF
1 Ryan Kesler Alexander Ovechkin Brendan Gallagher 60 1 1 3
2 Jack Eichel Chris Higgins Mikael Granlund 40 1 1 3
PowerPlay Defense
Defense Defense Time % Phy DF OF
1 Ryan Mcdonagh Alexander Edler 60 1 1 3
2 John Moore Justin Faulk 40 1 1 3
Penalty Kill 4 Players Forward
Center Wing Time % Phy DF OF
1 Andy Miele Mark Pysyk 60 1 3 1
2 Jaden Schwartz Byron Bitz 40 1 3 1
Penalty Kill 4 Players Defense
Defense Defense Time % Phy DF OF
1 Ryan Mcdonagh Alexander Edler 60 1 3 1
2 John Moore Nate Schmidt 40 1 3 1
Penalty Kill - 3 Players Forward
Forward Time % Phy DF OF
1 Alexander Ovechkin 60 1 3 1
2 Jaden Schwartz 40 1 3 1
Penalty Kill - 3 Players Defense
Defense Defense Time % Phy DF OF
1 Ryan Mcdonagh Alexander Edler 60 1 3 1
2 John Moore Nate Schmidt 40 1 3 1
4 vs 4 Forward
Center Wing Time % Phy DF OF
1 Ryan Kesler Alexander Ovechkin 60 1 2 2
2 Mikael Granlund Jaden Schwartz 40 1 2 2
4 vs 4 Defense
Defense Defense Time % Phy DF OF
1 Ryan Mcdonagh Alexander Edler 60 1 2 2
2 John Moore Justin Faulk 40 1 2 2
Last Minutes Offensive
Center Left Wing Right Wing Defense Defense
Ryan Kesler Alexander Ovechkin Mikael Granlund Ryan Mcdonagh Alexander Edler
Last Minutes Defensive
Center Left Wing Right Wing Defense Defense
Andy Miele Jaden Schwartz Mark Pysyk Ryan Mcdonagh John Moore
Goaltenders
Starting : Jaroslav Halak
Backup : Anders Lindback
Extra Forwards
Normal : Chris Higgins, Alexander Ovechkin, Jaden Schwartz - PP : Chris Higgins, Alexander Ovechkin - PK : Brendan Gallagher
Extra Defensemen
Normal : Brandon Gormley, Nate Schmidt, John Moore - PP : Brandon Gormley - PK : Nate Schmidt, Brandon Gormley
Penalty Shots
Jaden Schwartz, Jack Eichel, Alexander Ovechkin, Ryan Kesler, Ryan Mcdonagh
Scratches
Dmitri Kalinin (Healthy)
Maple Leafs
5 vs 5 Forward
Center Left Wing Right Wing Time % Phy DF OF
1 Brayden Schenn Claude Giroux Patrick Kane 40 1 2 2
2 Logan Couture Jake Guentzel Ben Smith 30 1 2 2
3 Mika Zibanejad Andre Burakovsky Beau Bennett 20 1 2 2
4 Chris Kelly Dany Heatley Blake Comeau 10 1 2 2
5 vs 5 Defense
Defense Defense Time % Phy DF OF
1 Kevin Shattenkirk John Klingberg 40 1 2 2
2 Braydon Coburn Hampus Lindholm 30 1 2 2
3 Ryan Parent Calvin de Haan 20 1 2 2
4 Kevin Shattenkirk John Klingberg 10 1 2 2
PowerPlay Forward
Center Left Wing Right Wing Time % Phy DF OF
1 Brayden Schenn Claude Giroux Patrick Kane 60 1 2 2
2 Logan Couture Jake Guentzel Ben Smith 40 1 2 2
PowerPlay Defense
Defense Defense Time % Phy DF OF
1 Kevin Shattenkirk John Klingberg 60 1 2 2
2 Braydon Coburn Hampus Lindholm 40 1 2 2
Penalty Kill 4 Players Forward
Center Wing Time % Phy DF OF
1 Logan Couture Claude Giroux 60 1 2 2
2 Brayden Schenn Patrick Kane 40 1 2 2
Penalty Kill 4 Players Defense
Defense Defense Time % Phy DF OF
1 Kevin Shattenkirk John Klingberg 60 1 2 2
2 Braydon Coburn Hampus Lindholm 40 1 2 2
Penalty Kill - 3 Players Forward
Forward Time % Phy DF OF
1 Brayden Schenn 60 1 2 2
2 Logan Couture 40 1 2 2
Penalty Kill - 3 Players Defense
Defense Defense Time % Phy DF OF
1 Kevin Shattenkirk John Klingberg 60 1 2 2
2 Braydon Coburn Hampus Lindholm 40 1 2 2
4 vs 4 Forward
Center Wing Time % Phy DF OF
1 Logan Couture Patrick Kane 60 1 2 2
2 Brayden Schenn Claude Giroux 40 1 2 2
4 vs 4 Defense
Defense Defense Time % Phy DF OF
1 Kevin Shattenkirk John Klingberg 60 1 2 2
2 Braydon Coburn Hampus Lindholm 40 1 2 2
Last Minutes Offensive
Center Left Wing Right Wing Defense Defense
Brayden Schenn Claude Giroux Patrick Kane Kevin Shattenkirk John Klingberg
Last Minutes Defensive
Center Left Wing Right Wing Defense Defense
Brayden Schenn Claude Giroux Patrick Kane Kevin Shattenkirk Braydon Coburn
Goaltenders
Starting : John Gibson
Backup : Tyler Weiman
Extra Forwards
Normal : Mika Zibanejad, Dany Heatley, Chris Kelly - PP : Mika Zibanejad, Dany Heatley - PK : Chris Kelly
Extra Defensemen
Normal : Ryan Parent, Calvin de Haan, Braydon Coburn - PP : Ryan Parent - PK : Calvin de Haan, Braydon Coburn
Penalty Shots
Claude Giroux, Patrick Kane, Brayden Schenn, Ben Smith, Logan Couture
Scratches
None
% Time on Ice - Predators
Lines # - Real PCT - Wanted PCT - Time Play
Normal Forward
1 - 35% - 40% - 15:55
2 - 25% - 30% - 11:39
3 - 21% - 20% - 9:32
4 - 19% - 10% - 8:40
Normal Defense
1 - 37% - 40% - 17:09
2 - 34% - 30% - 15:22
3 - 22% - 20% - 10:16
4 - 7% - 10% - 2:59
PP Forward
1 - 46% - 60% - 0:55
2 - 54% - 40% - 1:04
PP Defense
1 - 49% - 60% - 0:58
2 - 51% - 40% - 1:01
PK Forward
1 - 68% - 60% - 7:42
2 - 32% - 40% - 3:39
PK Defense
1 - 63% - 60% - 7:07
2 - 37% - 40% - 4:14
PK3 Forward
1 - 0% - 60%
2 - 0% - 40%
PK3 Defense
1 - 0% - 60%
2 - 0% - 40%
44 Forward
1 - 0% - 60%
2 - 0% - 40%
44 Defense
1 - 0% - 60%
2 - 0% - 40%
Last Minute Offensive - 0:00
Last Minute Defensive - 0:54
Total
Forward - 60:00
Defense - 60:00
|
% Time on Ice - Maple Leafs
Lines # - Real PCT - Wanted PCT - Time Play
Normal Forward
1 - 35% - 40% - 16:06
2 - 27% - 30% - 12:34
3 - 22% - 20% - 10:05
4 - 15% - 10% - 7:00
Normal Defense
1 - 38% - 40% - 17:27
2 - 33% - 30% - 14:53
3 - 27% - 20% - 12:23
4 - 2% - 10% - 1:02
PP Forward
1 - 62% - 60% - 6:59
2 - 38% - 40% - 4:22
PP Defense
1 - 66% - 60% - 7:27
2 - 34% - 40% - 3:54
PK Forward
1 - 76% - 60% - 1:30
2 - 24% - 40% - 0:29
PK Defense
1 - 61% - 60% - 1:13
2 - 39% - 40% - 0:46
PK3 Forward
1 - 0% - 60%
2 - 0% - 40%
PK3 Defense
1 - 0% - 60%
2 - 0% - 40%
44 Forward
1 - 0% - 60%
2 - 0% - 40%
44 Defense
1 - 0% - 60%
2 - 0% - 40%
Last Minute Offensive - 0:55
Last Minute Defensive - 0:00
Total
Forward - 60:00
Defense - 60:00
|
Play-by-Play
1st period
0:01 of 1st period - Brayden Schenn wins face-off versus Ryan Kesler in neutral zone.
0:08 of 1st period - John Klingberg is hit by Alexander Ovechkin and loses puck.
0:27 of 1st period - Ben Smith is hit by Alexander Edler and loses puck.
0:34 of 1st period - Byron Bitz is hit by Ben Smith and loses puck.
0:59 of 1st period - Wrist shot by Andre Burakovsky.
0:59 of 1st period - Shot Misses the Net.
1:01 of 1st period - Slapshot by Hampus Lindholm.
1:01 of 1st period - Shot Misses the Net.
1:22 of 1st period - Snap shot by Brendan Gallagher.
1:22 of 1st period - Shot Misses the Net.
1:40 of 1st period - Wrist shot by Brayden Schenn.
1:40 of 1st period - Shot Misses the Net.
1:42 of 1st period - Backhand shot by Ryan Parent.
1:42 of 1st period - Stopped by Jaroslav Halak without a rebound.
1:43 of 1st period - Jack Eichel wins face-off versus Logan Couture in Predators zone.
1:43 of 1st period - Jack Eichel is hit by Ben Smith.
2:14 of 1st period - Minor Penalty to Alexander Ovechkin for Hooking.
2:15 of 1st period - Andy Miele wins face-off versus Brayden Schenn in Predators zone.
4:07 of 1st period - Byron Bitz is hit by Patrick Kane.
4:14 of 1st period - Penalty to Alexander Ovechkin is over, Alexander Ovechkin is back on ice.
5:02 of 1st period - Braydon Coburn is hit by Brendan Gallagher.
5:44 of 1st period - Justin Faulk is hit by John Klingberg and loses puck.
6:15 of 1st period - Snap shot by Chris Higgins.
6:15 of 1st period - Deflect By Nik Antropov.
6:15 of 1st period - Stopped by John Gibson without a rebound.
6:16 of 1st period - Nik Antropov wins face-off versus Claude Giroux in Maple Leafs zone.
6:17 of 1st period - Wrist shot by Justin Abdelkader.
6:17 of 1st period - Stopped by John Gibson without a rebound.
6:18 of 1st period - Brayden Schenn wins face-off versus Nik Antropov in Maple Leafs zone.
6:57 of 1st period - Snap shot by Claude Giroux.
6:57 of 1st period - Stopped by Jaroslav Halak without a rebound.
6:58 of 1st period - Ryan Kesler wins face-off versus Logan Couture in Predators zone.
7:05 of 1st period - Wrist shot by Alexander Ovechkin.
7:05 of 1st period - Stopped by John Gibson without a rebound.
7:06 of 1st period - Logan Couture wins face-off versus Ryan Kesler in Maple Leafs zone.
8:01 of 1st period - Snap shot by Andy Miele.
8:01 of 1st period - Shot Misses the Net.
8:20 of 1st period - Icing by Ryan Kesler.
8:21 of 1st period - Brayden Schenn wins face-off versus Ryan Kesler in Predators zone.
8:22 of 1st period - Snap shot by Claude Giroux.
8:22 of 1st period - Goal by Claude Giroux - Predators : 0 - Maple Leafs : 1.
8:23 of 1st period - Brendan Gallagher wins face-off versus Brayden Schenn in neutral zone.
8:54 of 1st period - Slapshot by Chris Higgins.
8:54 of 1st period - Deflect By Mikael Granlund.
8:54 of 1st period - Shot Misses the Net.
8:54 of 1st period - Puck is out of play.
8:55 of 1st period - Logan Couture wins face-off versus Jack Eichel in Maple Leafs zone.
9:11 of 1st period - Slapshot by Chris Higgins.
9:11 of 1st period - Shot Blocked by Ben Smith.
9:13 of 1st period - Slapshot by John Moore.
9:13 of 1st period - Stopped by John Gibson without a rebound.
9:14 of 1st period - Brayden Schenn wins face-off versus Ryan Kesler in Maple Leafs zone.
9:53 of 1st period - Slapshot by Andre Burakovsky.
9:53 of 1st period - Deflect By Alexander Edler.
9:53 of 1st period - Stopped by Jaroslav Halak with a rebound.
10:26 of 1st period - Off-side.
10:27 of 1st period - Brayden Schenn wins face-off versus Ryan Kesler in neutral zone.
10:36 of 1st period - Alexander Ovechkin is hit by Patrick Kane.
11:51 of 1st period - Snap shot by Nik Antropov.
11:51 of 1st period - Stopped by John Gibson without a rebound.
11:52 of 1st period - Ryan Kesler wins face-off versus Brayden Schenn in Maple Leafs zone.
12:07 of 1st period - Wrist shot by Patrick Kane.
12:07 of 1st period - Deflect By Ryan Mcdonagh.
12:07 of 1st period - Shot Misses the Net.
12:07 of 1st period - Puck is out of play.
12:08 of 1st period - Logan Couture wins face-off versus Jack Eichel in Predators zone.
12:38 of 1st period - Alexander Edler is hit by Kevin Shattenkirk and loses puck.
12:45 of 1st period - Wrist shot by Mikael Granlund.
12:45 of 1st period - Stopped by John Gibson without a rebound.
12:46 of 1st period - Ryan Kesler wins face-off versus Brayden Schenn in Maple Leafs zone.
12:47 of 1st period - Slapshot by Alexander Ovechkin.
12:47 of 1st period - Shot Misses the Net.
12:50 of 1st period - Icing by Braydon Coburn.
12:51 of 1st period - Claude Giroux wins face-off versus Ryan Kesler in Maple Leafs zone.
13:42 of 1st period - Wrist shot by Andre Burakovsky.
13:42 of 1st period - Stopped by Jaroslav Halak without a rebound.
13:43 of 1st period - Ryan Kesler wins face-off versus Mika Zibanejad in Predators zone.
13:54 of 1st period - Snap shot by Andre Burakovsky.
13:54 of 1st period - Stopped by Jaroslav Halak without a rebound.
13:55 of 1st period - Brayden Schenn wins face-off versus Ryan Kesler in Predators zone.
14:42 of 1st period - Off-side.
14:43 of 1st period - Chris Kelly wins face-off versus Ryan Kesler in neutral zone.
15:25 of 1st period - Brayden Schenn is hit by Andy Miele.
15:35 of 1st period - Mikael Granlund is hit by Patrick Kane and loses puck.
16:05 of 1st period - Icing by Nate Schmidt.
16:06 of 1st period - Nik Antropov wins face-off versus Mika Zibanejad in Predators zone.
16:12 of 1st period - Off-side.
16:13 of 1st period - Ryan Kesler wins face-off versus Mika Zibanejad in neutral zone.
16:18 of 1st period - Wrist shot by Alexander Ovechkin.
16:18 of 1st period - Stopped by John Gibson without a rebound.
16:19 of 1st period - Ryan Kesler wins face-off versus Brayden Schenn in Maple Leafs zone.
16:53 of 1st period - Slapshot by John Klingberg.
16:53 of 1st period - Stopped by Jaroslav Halak with a rebound.
17:16 of 1st period - Slapshot by Nik Antropov.
17:16 of 1st period - Deflect By Justin Abdelkader.
17:16 of 1st period - Shot Blocked by John Klingberg.
17:16 of 1st period - Puck is out of play.
17:17 of 1st period - Ryan Kesler wins face-off versus Brayden Schenn in Maple Leafs zone.
17:44 of 1st period - Ben Smith is hit by Jaden Schwartz and loses puck.
18:29 of 1st period - Snap shot by Mark Pysyk.
18:29 of 1st period - Stopped by John Gibson without a rebound.
18:30 of 1st period - Nik Antropov wins face-off versus Chris Kelly in Maple Leafs zone.
19:05 of 1st period - Snap shot by Alexander Ovechkin.
19:05 of 1st period - Stopped by John Gibson without a rebound.
19:06 of 1st period - Ryan Kesler wins face-off versus Jake Guentzel in Maple Leafs zone.
19:37 of 1st period - Brayden Schenn is hit by Alexander Edler and loses puck.
Goals for this period are 0 for Predators vs 1 for Maple Leafs.
Shots for this period are 9 for Predators vs 7 for Maple Leafs.
2nd period
0:01 of 2nd period - Ryan Kesler wins face-off versus Brayden Schenn in neutral zone.
0:04 of 2nd period - Slapshot by Alexander Edler.
0:04 of 2nd period - Stopped by John Gibson without a rebound.
0:05 of 2nd period - Patrick Kane wins face-off versus Ryan Kesler in Maple Leafs zone.
0:05 of 2nd period - Patrick Kane is hit by Brendan Gallagher.
0:15 of 2nd period - Slapshot by Brendan Gallagher.
0:15 of 2nd period - Stopped by John Gibson with a rebound.
0:33 of 2nd period - Wrist shot by Jake Guentzel.
0:33 of 2nd period - Shot Misses the Net.
0:35 of 2nd period - Snap shot by Jake Guentzel.
0:35 of 2nd period - Stopped by Jaroslav Halak with a rebound.
1:05 of 2nd period - Slapshot by Alexander Edler.
1:05 of 2nd period - Deflect By Braydon Coburn.
1:05 of 2nd period - Stopped by John Gibson without a rebound.
1:06 of 2nd period - Ryan Kesler wins face-off versus Brayden Schenn in Maple Leafs zone.
1:15 of 2nd period - Wrist shot by Brendan Gallagher.
1:15 of 2nd period - Stopped by John Gibson without a rebound.
1:16 of 2nd period - Ryan Kesler wins face-off versus Brayden Schenn in Maple Leafs zone.
1:17 of 2nd period - Snap shot by Brendan Gallagher.
1:17 of 2nd period - Shot Misses the Net.
1:19 of 2nd period - Slapshot by Justin Faulk.
1:19 of 2nd period - Shot Misses the Net.
1:21 of 2nd period - Snap shot by Brendan Gallagher.
1:21 of 2nd period - Stopped by John Gibson with a rebound.
1:23 of 2nd period - Backhand shot by John Moore.
1:23 of 2nd period - Stopped by John Gibson with a rebound.
1:49 of 2nd period - Snap shot by Alexander Ovechkin.
1:49 of 2nd period - Shot Blocked by Ryan Parent.
2:39 of 2nd period - Slapshot by Brendan Gallagher.
2:39 of 2nd period - Shot Blocked by Calvin de Haan.
3:36 of 2nd period - Wrist shot by Brendan Gallagher.
3:36 of 2nd period - Stopped by John Gibson without a rebound.
3:37 of 2nd period - Andy Miele wins face-off versus Logan Couture in Maple Leafs zone.
3:38 of 2nd period - Snap shot by Jaden Schwartz.
3:38 of 2nd period - Goal by Jaden Schwartz - Predators : 1 - Maple Leafs : 1.
3:39 of 2nd period - Logan Couture wins face-off versus Jack Eichel in neutral zone.
4:11 of 2nd period - Andre Burakovsky is hit by Byron Bitz and loses puck.
4:40 of 2nd period - Slapshot by Hampus Lindholm.
4:40 of 2nd period - Stopped by Jaroslav Halak with a rebound.
5:12 of 2nd period - Hampus Lindholm is hit by Alexander Edler and loses puck.
5:37 of 2nd period - Snap shot by Jake Guentzel.
5:37 of 2nd period - Stopped by Jaroslav Halak with a rebound.
5:43 of 2nd period - Logan Couture is hit by Justin Abdelkader and loses puck.
6:02 of 2nd period - Wrist shot by Justin Abdelkader.
6:02 of 2nd period - Shot Misses the Net.
6:12 of 2nd period - Slapshot by Ryan Mcdonagh.
6:12 of 2nd period - Stopped by John Gibson with a rebound.
6:14 of 2nd period - Snap shot by Justin Abdelkader.
6:14 of 2nd period - Stopped by John Gibson with a rebound.
6:16 of 2nd period - Slapshot by Alexander Edler.
6:16 of 2nd period - Shot Misses the Net.
6:28 of 2nd period - Backhand shot by Alexander Edler.
6:28 of 2nd period - Shot Misses the Net.
6:30 of 2nd period - Slapshot by John Moore.
6:30 of 2nd period - Deflect By Ben Smith.
6:30 of 2nd period - Stopped by John Gibson with a rebound.
6:32 of 2nd period - Snap shot by Nik Antropov.
6:32 of 2nd period - Shot Misses the Net.
6:40 of 2nd period - Wrist shot by Logan Couture.
6:40 of 2nd period - Shot Blocked by John Moore.
6:42 of 2nd period - Snap shot by Logan Couture.
6:42 of 2nd period - Shot Misses the Net.
7:02 of 2nd period - Snap shot by Hampus Lindholm.
7:02 of 2nd period - Stopped by Jaroslav Halak with a rebound.
7:04 of 2nd period - Snap shot by Ben Smith.
7:04 of 2nd period - Shot Blocked by John Moore.
7:06 of 2nd period - Wrist shot by Jake Guentzel.
7:06 of 2nd period - Stopped by Jaroslav Halak with a rebound.
7:08 of 2nd period - Slapshot by Hampus Lindholm.
7:08 of 2nd period - Shot Blocked by Justin Faulk.
7:10 of 2nd period - Slapshot by Hampus Lindholm.
7:10 of 2nd period - Shot Misses the Net.
7:16 of 2nd period - Wrist shot by Ben Smith.
7:16 of 2nd period - Stopped by Jaroslav Halak without a rebound.
7:17 of 2nd period - Mika Zibanejad wins face-off versus Mikael Granlund in Predators zone.
7:42 of 2nd period - Claude Giroux is hit by Brendan Gallagher and loses puck.
7:51 of 2nd period - Slapshot by Kevin Shattenkirk.
7:51 of 2nd period - Deflect By Patrick Kane.
7:51 of 2nd period - Shot Misses the Net.
7:51 of 2nd period - Puck is out of play.
7:52 of 2nd period - Andy Miele wins face-off versus Mika Zibanejad in Predators zone.
8:17 of 2nd period - Slapshot by Chris Higgins.
8:17 of 2nd period - Stopped by John Gibson with a rebound.
8:19 of 2nd period - Backhand shot by Chris Higgins.
8:19 of 2nd period - Goal by Chris Higgins - Predators : 2 - Maple Leafs : 1.
8:20 of 2nd period - Jack Eichel wins face-off versus Claude Giroux in neutral zone.
8:49 of 2nd period - Mika Zibanejad is hit by Alexander Edler and loses puck.
8:54 of 2nd period - Wrist shot by Ryan Kesler.
8:54 of 2nd period - Shot Misses the Net.
8:56 of 2nd period - Wrist shot by Ryan Kesler.
8:56 of 2nd period - Shot Misses the Net.
9:16 of 2nd period - Snap shot by Andy Miele.
9:16 of 2nd period - Shot Misses the Net.
9:33 of 2nd period - John Klingberg is hit by Nate Schmidt and loses puck.
9:39 of 2nd period - Minor Penalty to Jack Eichel for Roughing.
9:40 of 2nd period - Andy Miele wins face-off versus Brayden Schenn in Predators zone.
9:40 of 2nd period - Andy Miele is hit by Braydon Coburn.
10:23 of 2nd period - Off-side.
10:24 of 2nd period - Jaden Schwartz wins face-off versus Brayden Schenn in neutral zone.
11:30 of 2nd period - John Moore is hit by John Klingberg and loses puck.
11:39 of 2nd period - Penalty to Jack Eichel is over, Jack Eichel is back on ice.
11:55 of 2nd period - Slapshot by John Moore.
11:55 of 2nd period - Deflect By Andy Miele.
11:55 of 2nd period - Shot Blocked by Beau Bennett.
11:55 of 2nd period - Puck is out of play.
11:56 of 2nd period - Chris Kelly wins face-off versus Ryan Kesler in Maple Leafs zone.
11:56 of 2nd period - Chris Kelly is hit by Alexander Edler.
12:22 of 2nd period - Ryan Parent is hit by Mikael Granlund and loses puck.
12:38 of 2nd period - Braydon Coburn is hit by Chris Higgins and loses puck.
12:51 of 2nd period - Byron Bitz is hit by Logan Couture and loses puck.
12:56 of 2nd period - Snap shot by Ben Smith.
12:56 of 2nd period - Stopped by Jaroslav Halak with a rebound.
12:58 of 2nd period - Slapshot by Ben Smith.
12:58 of 2nd period - Goal by Ben Smith - Predators : 2 - Maple Leafs : 2.
12:59 of 2nd period - Brayden Schenn wins face-off versus Ryan Kesler in neutral zone.
14:26 of 2nd period - Slapshot by Ryan Mcdonagh.
14:26 of 2nd period - Stopped by John Gibson without a rebound.
14:27 of 2nd period - Ryan Kesler wins face-off versus Chris Kelly in Maple Leafs zone.
14:28 of 2nd period - Snap shot by Brendan Gallagher.
14:28 of 2nd period - Shot Misses the Net.
14:38 of 2nd period - Wrist shot by Blake Comeau.
14:38 of 2nd period - Stopped by Jaroslav Halak with a rebound.
14:40 of 2nd period - Slapshot by John Klingberg.
14:40 of 2nd period - Stopped by Jaroslav Halak with a rebound.
14:42 of 2nd period - Slapshot by Kevin Shattenkirk.
14:42 of 2nd period - Shot Blocked by Alexander Ovechkin.
14:44 of 2nd period - Slapshot by Chris Kelly.
14:44 of 2nd period - Stopped by Jaroslav Halak with a rebound.
14:46 of 2nd period - Snap shot by Chris Kelly.
14:46 of 2nd period - Stopped by Jaroslav Halak with a rebound.
14:48 of 2nd period - Snap shot by Blake Comeau.
14:48 of 2nd period - Stopped by Jaroslav Halak without a rebound.
14:49 of 2nd period - Jack Eichel wins face-off versus Brayden Schenn in Predators zone.
15:25 of 2nd period - Wrist shot by Andre Burakovsky.
15:25 of 2nd period - Shot Misses the Net.
15:27 of 2nd period - Snap shot by Mika Zibanejad.
15:27 of 2nd period - Stopped by Jaroslav Halak without a rebound.
15:28 of 2nd period - Andy Miele wins face-off versus Brayden Schenn in Predators zone.
15:51 of 2nd period - Minor Penalty to Andy Miele for Interference.
15:52 of 2nd period - Brayden Schenn wins face-off versus Brendan Gallagher in Predators zone.
16:01 of 2nd period - Snap shot by Patrick Kane.
16:01 of 2nd period - Shot Misses the Net.
16:03 of 2nd period - Snap shot by Patrick Kane.
16:03 of 2nd period - Shot Misses the Net.
16:05 of 2nd period - Snap shot by John Klingberg.
16:05 of 2nd period - Stopped by Jaroslav Halak without a rebound.
16:06 of 2nd period - Brayden Schenn wins face-off versus Brendan Gallagher in Predators zone.
16:17 of 2nd period - Backhand shot by Claude Giroux.
16:17 of 2nd period - Shot Blocked by Mark Pysyk.
16:19 of 2nd period - Snap shot by Brayden Schenn.
16:19 of 2nd period - Shot Misses the Net.
17:51 of 2nd period - Penalty to Andy Miele is over, Andy Miele is back on ice.
Goals for this period are 2 for Predators vs 1 for Maple Leafs.
Shots for this period are 14 for Predators vs 15 for Maple Leafs.
3rd period
0:01 of 3rd period - Ryan Kesler wins face-off versus Brayden Schenn in neutral zone.
0:08 of 3rd period - Snap shot by Brendan Gallagher.
0:08 of 3rd period - Shot Blocked by John Klingberg.
0:32 of 3rd period - Snap shot by Jack Eichel.
0:32 of 3rd period - Stopped by John Gibson without a rebound.
0:33 of 3rd period - Jack Eichel wins face-off versus Logan Couture in Maple Leafs zone.
0:37 of 3rd period - Minor Penalty to Jake Guentzel for Interference.
0:38 of 3rd period - Ryan Kesler wins face-off versus Logan Couture in Maple Leafs zone.
1:05 of 3rd period - Claude Giroux is hit by Mikael Granlund and loses puck.
1:32 of 3rd period - Brayden Schenn is hit by John Moore and loses puck.
2:34 of 3rd period - Brayden Schenn is hit by Ryan Kesler and loses puck.
2:37 of 3rd period - Penalty to Jake Guentzel is over, Jake Guentzel is back on ice.
3:49 of 3rd period - Icing by Patrick Kane.
3:50 of 3rd period - Brayden Schenn wins face-off versus Nik Antropov in Maple Leafs zone.
3:52 of 3rd period - Icing by Hampus Lindholm.
3:53 of 3rd period - Ryan Kesler wins face-off versus Brayden Schenn in Maple Leafs zone.
3:56 of 3rd period - Wrist shot by Brendan Gallagher.
3:56 of 3rd period - Shot Misses the Net.
3:58 of 3rd period - Slapshot by Nate Schmidt.
3:58 of 3rd period - Stopped by John Gibson without a rebound.
3:59 of 3rd period - Ryan Kesler wins face-off versus Brayden Schenn in Maple Leafs zone.
4:30 of 3rd period - Slapshot by Kevin Shattenkirk.
4:30 of 3rd period - Stopped by Jaroslav Halak without a rebound.
4:31 of 3rd period - Jack Eichel wins face-off versus Logan Couture in Predators zone.
5:06 of 3rd period - Wrist shot by Claude Giroux.
5:06 of 3rd period - Stopped by Jaroslav Halak with a rebound.
5:24 of 3rd period - Wrist shot by Jaden Schwartz.
5:24 of 3rd period - Stopped by John Gibson with a rebound.
5:26 of 3rd period - Wrist shot by Alexander Edler.
5:26 of 3rd period - Shot Blocked by Beau Bennett.
5:28 of 3rd period - Slapshot by Ryan Mcdonagh.
5:28 of 3rd period - Deflect By Kevin Shattenkirk.
5:28 of 3rd period - Stopped by John Gibson with a rebound.
5:48 of 3rd period - Slapshot by Justin Abdelkader.
5:48 of 3rd period - Stopped by John Gibson with a rebound.
5:50 of 3rd period - Snap shot by Ryan Mcdonagh.
5:50 of 3rd period - Shot Misses the Net.
5:52 of 3rd period - Slapshot by Ryan Mcdonagh.
5:52 of 3rd period - Deflect By Nik Antropov.
5:52 of 3rd period - Stopped by John Gibson with a rebound.
5:54 of 3rd period - Wrist shot by Nik Antropov.
5:54 of 3rd period - Goal by Nik Antropov - Predators : 3 - Maple Leafs : 2.
5:55 of 3rd period - Brayden Schenn wins face-off versus Ryan Kesler in neutral zone.
6:22 of 3rd period - John Klingberg is hit by Byron Bitz and loses puck.
6:33 of 3rd period - Jaden Schwartz is hit by Logan Couture and loses puck.
7:28 of 3rd period - Mark Pysyk is hit by Claude Giroux and loses puck.
7:45 of 3rd period - Minor Penalty to Justin Abdelkader for Tripping.
7:46 of 3rd period - Brayden Schenn wins face-off versus Andy Miele in Predators zone.
7:53 of 3rd period - Slapshot by Alexander Edler.
7:53 of 3rd period - Shot Blocked by John Klingberg.
8:12 of 3rd period - Jaden Schwartz is hit by Patrick Kane and loses puck.
8:45 of 3rd period - Slapshot by Claude Giroux.
8:45 of 3rd period - Shot Blocked by Alexander Edler.
8:47 of 3rd period - Wrist shot by Claude Giroux.
8:47 of 3rd period - Shot Misses the Net.
8:49 of 3rd period - Snap shot by Brayden Schenn.
8:49 of 3rd period - Shot Blocked by Alexander Edler.
8:51 of 3rd period - Backhand shot by John Klingberg.
8:51 of 3rd period - Shot Blocked by Ryan Mcdonagh.
8:53 of 3rd period - Slapshot by Kevin Shattenkirk.
8:53 of 3rd period - Shot Blocked by Alexander Edler.
9:07 of 3rd period - Snap shot by Patrick Kane.
9:07 of 3rd period - Shot Misses the Net.
9:09 of 3rd period - Backhand shot by Patrick Kane.
9:09 of 3rd period - Stopped by Jaroslav Halak with a rebound.
9:11 of 3rd period - Wrist shot by Brayden Schenn.
9:11 of 3rd period - Goal by Brayden Schenn - Predators : 3 - Maple Leafs : 3.
9:12 of 3rd period - Logan Couture wins face-off versus Ryan Kesler in neutral zone.
9:15 of 3rd period - Slapshot by Braydon Coburn.
9:15 of 3rd period - Stopped by Jaroslav Halak without a rebound.
9:16 of 3rd period - Ryan Kesler wins face-off versus Logan Couture in Predators zone.
9:18 of 3rd period - Minor Penalty to Brendan Gallagher for Interference.
9:19 of 3rd period - Mark Pysyk wins face-off versus Logan Couture in Predators zone.
9:29 of 3rd period - Slapshot by John Klingberg.
9:29 of 3rd period - Stopped by Jaroslav Halak without a rebound.
9:30 of 3rd period - Brayden Schenn wins face-off versus Andy Miele in Predators zone.
10:39 of 3rd period - Slapshot by Nate Schmidt.
10:39 of 3rd period - Shot Blocked by Hampus Lindholm.
11:18 of 3rd period - Penalty to Brendan Gallagher is over, Brendan Gallagher is back on ice.
11:26 of 3rd period - Wrist shot by Ryan Mcdonagh.
11:26 of 3rd period - Shot Misses the Net.
12:26 of 3rd period - Mark Pysyk is hit by Beau Bennett and loses puck.
12:37 of 3rd period - Alexander Edler is hit by Blake Comeau and loses puck.
13:35 of 3rd period - Mikael Granlund is hit by Kevin Shattenkirk and loses puck.
14:06 of 3rd period - Snap shot by Justin Abdelkader.
14:06 of 3rd period - Shot Misses the Net.
14:08 of 3rd period - Snap shot by Ryan Kesler.
14:08 of 3rd period - Deflect By Alexander Ovechkin.
14:08 of 3rd period - Stopped by John Gibson with a rebound.
14:10 of 3rd period - Wrist shot by Brendan Gallagher.
14:10 of 3rd period - Stopped by John Gibson without a rebound.
14:11 of 3rd period - Ryan Kesler wins face-off versus Brayden Schenn in Maple Leafs zone.
14:12 of 3rd period - Wrist shot by Brendan Gallagher.
14:12 of 3rd period - Shot Blocked by Claude Giroux.
14:14 of 3rd period - Snap shot by Brendan Gallagher.
14:14 of 3rd period - Goal by Brendan Gallagher - Predators : 4 - Maple Leafs : 3.
14:15 of 3rd period - Ryan Kesler wins face-off versus Brayden Schenn in neutral zone.
15:04 of 3rd period - Braydon Coburn is hit by Jaden Schwartz and loses puck.
15:13 of 3rd period - Wrist shot by Jaden Schwartz.
15:13 of 3rd period - Stopped by John Gibson without a rebound.
15:14 of 3rd period - Ryan Kesler wins face-off versus Brayden Schenn in Maple Leafs zone.
15:41 of 3rd period - Mika Zibanejad is hit by Byron Bitz.
16:16 of 3rd period - Snap shot by Jake Guentzel.
16:16 of 3rd period - Shot Misses the Net.
16:26 of 3rd period - Snap shot by Blake Comeau.
16:26 of 3rd period - Stopped by Jaroslav Halak without a rebound.
16:27 of 3rd period - Chris Kelly wins face-off versus Andy Miele in Predators zone.
16:39 of 3rd period - Off-side.
16:40 of 3rd period - Mika Zibanejad wins face-off versus Andy Miele in neutral zone.
16:49 of 3rd period - Snap shot by Andre Burakovsky.
16:49 of 3rd period - Shot Misses the Net.
16:51 of 3rd period - Snap shot by Mika Zibanejad.
16:51 of 3rd period - Shot Blocked by Alexander Edler.
16:55 of 3rd period - Wrist shot by Beau Bennett.
16:55 of 3rd period - Shot Misses the Net.
17:01 of 3rd period - Minor Penalty to Jaden Schwartz for Hooking.
17:02 of 3rd period - Brayden Schenn wins face-off versus Andy Miele in Predators zone.
17:15 of 3rd period - Snap shot by Kevin Shattenkirk.
17:15 of 3rd period - Deflect By Claude Giroux.
17:15 of 3rd period - Stopped by Jaroslav Halak without a rebound.
17:16 of 3rd period - Andy Miele wins face-off versus Brayden Schenn in Predators zone.
19:01 of 3rd period - Penalty to Jaden Schwartz is over, Jaden Schwartz is back on ice.
19:19 of 3rd period - Maple Leafs, John Gibson is pulled from the net.
19:25 of 3rd period - Wrist shot by Mika Zibanejad.
19:25 of 3rd period - Stopped by Jaroslav Halak with a rebound.
19:27 of 3rd period - Snap shot by Mika Zibanejad.
19:27 of 3rd period - Stopped by Jaroslav Halak without a rebound.
19:28 of 3rd period - Joel Quenneville call a timeout for Maple Leafs.
19:28 of 3rd period - Mika Zibanejad wins face-off versus Andy Miele in Predators zone.
Goals for this period are 2 for Predators vs 1 for Maple Leafs.
Shots for this period are 11 for Predators vs 10 for Maple Leafs.